 Dungeon Crawl Stone Soup version 0.28-a0-1389-gc726bef33b (webtiles) character file.

Game seed: 996775902143499678

959 bande the Chopper (level 8, -4/49 HPs)
             Began as a Gargoyle Fighter on Jan 4, 2022.
             Killed from afar by a gargoyle (14 damage)
             ... with a stone arrow
             ... on level 6 of the Dungeon.
             The game lasted 00:06:24 (4064 turns).

bande the Chopper (Gargoyle Fighter)                Turns: 4064, Time: 00:06:24

Health: -4/49      AC: 20    Str: 20    XL:     8   Next: 14%
Magic:  8/8        EV:  7    Int:  9    God:
Gold:   150        SH:  5    Dex: 11    Spells: 7/7 levels left

rFire   . . .      SeeInvis .   a - +1 war axe
rCold   . . .      Faith    .   c - +0 buckler
rNeg    + . .      Spirit   .   q - +0 chain mail
rPois   ∞          Reflect  .   (no helmet)
rElec   +          Harm     .   r - +0 cloak
rCorr   .          Rampage  .   o - +2 pair of gloves
Will    .....                   (no boots)
Stlth   ..........              (no amulet)
HPRegen 0.16/turn               (no ring)
MPRegen 0.11/turn               (no ring)

@: no status effects
A: sickness immunity, AC +5, negative energy resistance 1, electricity
resistance, torment resistance 1, petrification resistance
a: no special abilities


You were on level 6 of the Dungeon.
You visited 1 branch of the dungeon, and saw 7 of its levels.

You collected 150 gold pieces.

Inventory:

Hand Weapons
 a - a +1 war axe (weapon)
 n - a +0 flail
Armour
 c - a +0 buckler (worn)
 o - a +2 pair of gloves (worn)
 q - a +0 chain mail (worn)
 r - a +0 cloak (worn)
Jewellery
 m - an amulet of magic regeneration
 p - a ring of ice
Scrolls
 e - a scroll of summoning
 f - a scroll of enchant weapon
Potions
 d - a potion of might
 g - a potion of magic
 h - a potion of curing {unknown}
 i - a potion of attraction {unknown}
 j - 4 potions of flight
 k - a potion of mutation {unknown}
 l - a potion of degeneration {unknown}


   Skills:
 + Level 5.1 Fighting
 + Level 6.2 Axes
 + Level 5.8 Armour
 - Level 0.2 Stealth
 + Level 4.4 Shields


You had 7 spell levels left.
You didn't know any spells.
Your spell library contained the following spells:

 Spells                   Type           Power      Damage    Failure   Level
 Foxfire                  Conj/Fire      0%         2x1d4     98%         1
 Pain                     Necr           0%         1d4       98%         1
 Sandblast                Erth           0%         2d4       98%         1
 Sting                    Tmut/Pois      0%         1d3       98%         1
 Poisonous Vapours        Pois/Air       0%         N/A       99%         2
 Conjure Flame            Conj/Fire      0%         6-21      100%        3
 Dazzling Flash           Conj/Hex       0%         N/A       100%        3
 Inner Flame              Hex/Fire       0%         N/A       100%        3
 Flame Wave               Conj/Fire      0%         2d4       100%        4
 Olgreb's Toxic Radiance  Pois           0%         N/A       100%        4
 Agony                    Necr           0%         N/A       100%        5
 Silence                  Hex/Air        0%         N/A       100%        5
 Simulacrum               Ice/Necr       0%         N/A       100%        6
 Haunt                    Necr/Summ      0%         N/A       100%        7
 Sublimation of Blood     Necr           Unusable   N/A       N/A         2

Dungeon Overview and Level Annotations

Branches:
Dungeon (8/15)
 Temple: D:4-7         Lair: D:8-11

Altars:
Kikubaaqudgha
Sif Muna
Vehumet

Shops:
D:3 =

Annotations:
D:7 Maggie


Innate Abilities, Weirdness & Mutations

You are immune to sickness and miasma.
Your stone body is resilient. (AC +5)
You are immune to poison.
You resist negative energy. (rN+)
You are resistant to electric shocks. (rElec)
You are resistant to unholy torment.
You are immune to petrification.


Message History

The orc priest is almost dead.
You block the orc priest's attack.
The orc priest hits you but does no damage.
You hit the orc priest but do no damage.
The orc priest is almost dead.
The orc priest looks satisfied for a moment.
You slash the orc priest!
You kill the orc priest!
Found a whip.
Found a stone staircase leading up.
There is an open door, spattered with blood here.
Items here: ))))) [[[[[ ††.
You start resting.
A gargoyle comes into view. It is wielding a +0 mace.
A gargoyle is nearby!
A gargoyle is nearby!
A gargoyle is nearby!
The gargoyle hurls a stone arrow at you.
The stone arrow hits you.
You hit the gargoyle but do no damage. The gargoyle hits you with a +0 mace!
You hit the gargoyle but do no damage. The gargoyle barely misses you.
You hit the gargoyle but do no damage. The gargoyle barely misses you.
You hit the gargoyle.
The gargoyle is lightly damaged.
The gargoyle hits you but does no damage.
You hit the gargoyle.
The gargoyle is lightly damaged.
The gargoyle hits you but does no damage.
The gargoyle barely misses you.
You hit the gargoyle but do no damage.
The gargoyle is lightly damaged.
The gargoyle hits you with a +0 mace!
* * * LOW HITPOINT WARNING * * *
You hit the gargoyle.
The gargoyle is moderately damaged.
The gargoyle barely misses you.
You hit the gargoyle but do no damage.
The gargoyle is moderately damaged.
The gargoyle hurls a stone arrow at you.
The stone arrow hits you!
You die...

##########
.........#
.........#
##.<....#
...#####).#
#.....#@#
#.###.#9)......
##.#...#.###....
#....###.. ..
###....##.
#...#.## ##
#.###.# ##.....#
#'#####...


You could see a gargoyle.

Vanquished Creatures
  Pikel (D:6)
  A black bear (D:4)
  2 scorpions
  3 wights
  A howler monkey (D:6)
  An orc priest (D:6)
  An orc wizard (D:6)
  A killer bee zombie (D:6)
  A howler monkey zombie (D:7)
  2 adders
  A worm (D:2)
  3 dart slugs
  6 orcs
  4 bats
  6 endoplasms
  2 giant cockroaches
  5 goblins
  3 hobgoblins
  3 jackals (D:1)
  4 kobolds
  4 quokkas
  5 ball pythons
  3 frilled lizards
  6 rats
69 creatures vanquished.

Vanquished Creatures (others)
  An orc wizard (D:6)
1 creature vanquished.

Grand Total: 70 creatures vanquished

Notes
Turn   | Place    | Note
-------+----------+-------------------------------------------
     0 | D:1      | bande the Gargoyle Fighter began the quest for the Orb.
     0 | D:1      | Reached XP level 1. HP: 14/14 MP: 1/1
   179 | D:1      | Reached XP level 2. HP: 11/19 MP: 2/2
   189 | D:1      | Reached skill level 2 in Axes
   640 | D:1      | Found a faded altar of an unknown god.
   997 | D:2      | Reached XP level 3. HP: 22/23 MP: 3/3
  2346 | D:3      | Reached XP level 4. HP: 28/28 MP: 4/4
  2362 | D:3      | Found an ancient bone altar of Kikubaaqudgha.
  2368 | D:3      | Found a shimmering blue altar of Sif Muna.
  2370 | D:3      | Found a radiant altar of Vehumet.
  2387 | D:3      | Got Kikubaaqudgha's Grimoire of Necromancy
  2524 | D:3      | Noticed a scorpion
  2538 | D:3      | Killed a scorpion
  2539 | D:3      | Reached skill level 3 in Axes
  2539 | D:3      | Reached XP level 5. HP: 17/33 MP: 5/5
  2767 | D:3      | Found Zetic's Jewellery Shoppe.
  2967 | D:4      | Noticed a black bear
  2976 | D:4      | Killed a black bear
  2977 | D:4      | Reached skill level 4 in Axes
  2977 | D:4      | Reached XP level 6. HP: 18/38 MP: 6/6
  3164 | D:4      | You fall into a shaft and drop 3 floors!
  3857 | D:7      | Reached skill level 5 in Armour
  3864 | D:7      | Reached XP level 7. HP: 43/43 MP: 7/7
  3881 | D:7      | Noticed Maggie
  3889 | D:6      | Got the Reference Book on Necromancy and the Rocks
  3984 | D:6      | Noticed Pikel
  3999 | D:6      | Killed Pikel
  4000 | D:6      | Reached skill level 5 in Fighting
  4000 | D:6      | Reached skill level 6 in Axes
  4000 | D:6      | Reached XP level 8. HP: 27/49 MP: 8/8
  4054 | D:6      | Noticed a gargoyle
  4064 | D:6      | Killed from afar by a gargoyle

Illustrated notes

Levels and vault maps discovered:
D:1:      scummos_arrival_forest, layout_basic, basic_ecumenical_altar
D:2:      layout_basic
D:3:      layout_basic, grunt_temple_overflow_magic_moments, serial_shops,
          nicolae_square_shop, minmay_misc_feat_chi
D:4:      kennysheep_the_goblin_king, layout_layer_cave,
          nemelex_xobeh_ov_fountains_minmay,
          mainiacjoe_overflow_six_doors_small, mainiacjoe_overflow_tiny_flanked,
          gammafunk_temple_overflow_statue
D:6:      layout_rooms, mainiacjoe_overflow_swirl, uniq_pikel
D:7:      layout_rooms, kennysheep_dice, uniq_crazy_yiuf_cottage, uniq_maggie
D:8:      layout_gridville, serial_shops, nicolae_shop_hallway_plus,
          minmay_shop_grid_forest

Skill      XL: |  1  2  3  4  5  6  7 |
---------------+----------------------+-----
Axes           | 2 3 4 6 |  6.2
Armour         | 4 5 |  5.8
Fighting       | 4 5 |  5.1
Shields        | 4 |  4.4
Stealth        | |  0.2

Action                   |  1- 3 |  4- 6 |  7- 9 || total
-------------------------+-------+-------+-------++-------
Melee: War axe           |   115 |    73 |    55 ||   243
  Use: Scroll            |     8 |     1 |       ||     9
Armor: Scale mail        |    74 |    24 |       ||    98
       Chain mail        |       |    25 |    32 ||    57
Dodge: Dodged            |    52 |    37 |    13 ||   102
Block: Buckler           |    28 |    15 |     8 ||    51

Table legend: (Time is in decaauts)
 A = Elapsed time spent in this place.
 B = Non-inter-level travel time spent in this place.
 C = Inter-level travel time spent in this place.
 D = Time resting spent in this place.
 E = Time spent auto-exploring this place.
 F = Levels seen in this place.
 G = Mean time per level.
                   A        B        C        D        E       F      G
               +--------+--------+--------+--------+--------+-----+--------+
         Total |   4147 |   4097 |     50 |   1339 |   2071 |   7 |  592.4 |
       Dungeon |   4147 |   4097 |     50 |   1339 |   2071 |   7 |  592.4 |
               +--------+--------+--------+--------+--------+-----+--------+

Top non-repeatable levels by time:
     D:1: 1015 daAuts
     D:3: 1004 daAuts
     D:2: 964 daAuts
     D:8: 646 daAuts
     D:4: 243 daAuts
     D:6: 190 daAuts
     D:7: 83 daAuts
